Cogmind - Beta 16 @@@ ROGUE MODE // 2025.11.01 @ 15:35:34 Player: Rocko1345 Result: Destroyed by Y-54 Guardian with Gatling Laser Performance ------------- Evolutions (0) 0 Regions Visited (3) 600 Robots Destroyed (19) 95 Value Destroyed (491) 491 Prototype IDs (0) 0 Alien Tech Used (0) 0 Bonus (0) 0 TOTAL SCORE: 1186 Bonus ------- None Cogmind --------- Core Integrity 0/250 Matter 149/300 Energy 195/200 System Corruption 0% Temperature Warm (112) Movement Rolling (110) Location -7/Recycling Parts ------- > --- POWER (1) -------- Subdweller Power Source > --- PROPULSION (2) --- Subdweller Monowheel > --- UTILITY (2) ------ Disposable Heat Sink Small Storage Unit > --- WEAPON (2) ------- Subdweller Beam Cannon > --- INVENTORY (8) ---- Subdweller Power Source Light Treads Light Treads Aluminum Leg Large Battery (200) High-capacity Matter Pod (0) Subdweller Optics Datajack Peak State ------------ > --- POWER ------------ Subdweller Power Source > --- PROPULSION ------- Subdweller Monowheel Subdweller Monowheel > --- UTILITY ---------- Disposable Heat Sink Small Storage Unit > --- WEAPON ----------- Subdweller Laser Subdweller Beam Cannon > --- INVENTORY -------- Subdweller Power Source Light Treads Light Treads Aluminum Leg Large Battery High-capacity Matter Pod Subdweller Optics Datajack [Rating: 14] Favorites ----------- Power Ion Engine Engine Ion Engine Propulsion Aluminum Leg Leg Aluminum Leg Wheel Subdweller Monowheel Utility Small Storage Unit Device Improved Heat Sink Storage Small Storage Unit Weapon Assault Rifle Energy Gun Particle Gun Energy Cannon Subdweller Beam Cannon Ballistic Gun Assault Rifle Launcher Subdweller Shrapnel Launcher Build | -11 -10 -10 -7 ------- Run | Yrd Mat Sub Rec Slots Evolved . | . . . . Power . | . . . . Propulsion . | . . . . Utility . | . . . . Weapon . | . . . . Parts Attached 18 | 6 8 4 . Power 3 | 1 1 1 . Engine 3 | 1 1 1 . Core . | . . . . Reactor . | . . . . Propulsion 6 | 2 3 1 . Treads . | . . . . Leg 4 | 2 2 . . Wheel 2 | . 1 1 . Hover . | . . . . Flight . | . . . . Utility 3 | 1 1 1 . Device 2 | . 1 1 . Storage 1 | 1 . . . Processor . | . . . . Hackware . | . . . . Protection . | . . . . Artifact . | . . . . Weapon 6 | 2 3 1 . Energy Gun 2 | . 2 . . Energy Cannon 1 | . . 1 . Ballistic Gun 2 | 2 . . . Ballistic Cannon . | . . . . Launcher 1 | . 1 . . Special Weapon . | . . . . Impact Weapon . | . . . . Slashing Weapon . | . . . . Piercing Weapon . | . . . . Special Melee Weapon . | . . . . Unidentified Prototypes . | . . . . Parts Lost 7 | . 4 2 1 Power . | . . . . Propulsion 2 | . 1 . 1 Utility 1 | . 1 . . Weapon 4 | . 2 2 . Highest Loss Streak 4 | . 4 1 2 To Critical Strikes . | . . . . Average Backups 5 | . 5 7 8 Power . | . . 1 1 Propulsion 2 | . 3 3 3 Utility 1 | . . 2 3 Weapon . | . . . . Tool/Special . | . . . . Unused Backups 7 | . . . 7 Power 1 | . . . 1 Propulsion 2 | . . . 2 Utility 3 | . . . 3 Weapon . | . . . . Tool/Special 1 | . . . 1 Average Slot Usage (%) 91 | . 93 89 78 Engine 14 | . 14 14 14 Leg 24 | . 27 19 . Wheel 3 | . . 8 21 Device 7 | . 9 4 14 Storage 14 | . 14 14 14 Energy Gun 10 | . 9 13 . Energy Cannon 2 | . . 5 14 Ballistic Gun 11 | . 17 . . Launcher 3 | . . 8 . Peak Build Rating 14 | 6 10 14 12 Average Rating 8 | 4 8 10 10 On Entrance 6 | . 6 9 12 Avg Prop Armor Cover (%) 10 | . 10 10 . Naked Turns . | . . . . Heaviest Build 23 | 11 22 23 19 Greatest Support 40 | 20 20 40 40 Greatest Overweight (x) 2 | . 2 1 . Average Overweight (x) . | . . . . Largest Inventory Capacity 8 | 8 8 8 8 Average Capacity 7 | 6 8 8 8 Most Carried 8 | 2 8 8 8 Average Carried 5 | . 5 7 8 Final Capacity 8 | 8 8 8 8 Final Carried 8 | 2 8 8 8 Class Distribution -------------------- 62% | Scavenger-Mutant 37% | Mutant Dominant Class ---------------- Mutant | -10/Materials Scavenger-Mutant | -10/Subcaves Scavenger-Mutant | -7/Recycling Resources | -11 -10 -10 -7 ----------- Run | Yrd Mat Sub Rec Matter Collected 477 | 202 131 144 . Remotely . | . . . . Salvage Created 374 | . 201 113 60 Parts 32 | . 15 13 4 Haulers Intercepted . | . . . . Recyclers Shooed 2 | . 2 . . Parts Field Recycled . | . . . . Retrieved Matter . | . . . . Parts Self-Destructed 7 | . . 7 . Prevented . | . . . . Parts Restored . | . . . . Kills | -11 -10 -10 -7 ------- Run | Yrd Mat Sub Rec Combat Hostiles Destroyed 15 | . 6 8 1 Guns 4 | . 4 . . Cannons 2 | . . 1 1 AOE 9 | . 2 7 . Classes Destroyed 7 | . 4 2 1 Operator 1 | . 1 . . Turret 2 | . . 2 . Watcher 1 | . 1 . . Swarmer 7 | . . 7 . Grunt 3 | . 3 . . Sentry 1 | . . . 1 Subdweller 4 | . 3 1 . Best Kill Streak 5 | . 3 5 1 Combat Bots Only 5 | . 3 5 1 Max Kills in Single Turn 4 | . 2 4 1 Gunslinging . | . . . . Exploded 4 | . 2 4 . Melee . | . . . . Uniques/NPCs Destroyed . | . . . . Combat | -11 -10 -10 -7 -------- Run | Yrd Mat Sub Rec Hostile Shots Fired 95 | . 45 38 12 Missed 36 | . 17 14 5 Hits 59 | . 28 24 7 Projectile 59 | . 28 24 7 AOE 1 | . 1 . . Damage Taken 952 | . 581 313 58 Core 258 | . 96 138 24 Absorbed by Shields . | . . . . Core Remaining (%) 100 | 100 . . . Volleys Fired 42 | . 30 9 3 Largest 2 | . 2 2 1 Hottest 140 | . 85 140 80 Shots Fired 76 | . 55 18 3 Gun 61 | . 52 9 . Cannon 7 | . . 4 3 Launcher 8 | . 3 5 . Special . | . . . . Kinetic 49 | . 44 5 . Thermal 27 | . 11 13 3 Explosive . | . . . . Electromagnetic . | . . . . Robot Hit Streak 22 | . 11 19 22 Robot Miss Streak 2 | . 2 . . Penetration Max . | . . . . Secondary Targets . | . . . . Shots Hit Robots 48 | . 37 8 3 Core Hits 34 | . 19 12 3 Critical Kills . | . . . . Critical Parts Destroyed 1 | . 1 . . Critical Strikes 1 | . 1 . . Destroy 1 | . 1 . . Melee Attacks . | . . . . Impact . | . . . . Slashing . | . . . . Piercing . | . . . . Sneak Attacks . | . . . . Combat Hostiles . | . . . . Follow-up Attacks . | . . . . Damage Inflicted 1429 | . 773 572 84 Guns 486 | . 410 76 . Cannons 189 | . . 105 84 Explosions 754 | . 363 391 . Melee . | . . . . Ramming . | . . . . Kinetic 1041 | . 650 391 . Thermal 388 | . 123 181 84 Explosive . | . . . . Electromagnetic . | . . . . Impact . | . . . . Slashing . | . . . . Piercing . | . . . . Highest Corruption . | . . . . Average Corruption . | . . . . Corruption Purged . | . . . . Corruption Blocked . | . . . . Overload Shots . | . . . . Overflow Damage 36 | . 28 8 . Projectiles . | . . . . Explosions 36 | . 28 8 . Melee . | . . . . Knockbacks . | . . . . Impact . | . . . . Kinetic . | . . . . Secondary . | . . . . Self-Inflicted Damage 20 | . 20 . . Shots 1 | . 1 . . Rammed . | . . . . Targets Rammed . | . . . . Kicked . | . . . . Crushed . | . . . . Highest Temperature 100 | . 30 54 100 Average Temperature 20 | . 12 19 60 Received Heat Transfer 210 | . 144 42 24 Siege Activations . | . . . . Martial Activations . | . . . . Shielding Activations . | . . . . Robots Disrupted . | . . . . Combat Hostiles . | . . . . Robots Corrupted . | . . . . Combat Hostiles . | . . . . Parts Fried . | . . . . Impact Corruptions . | . . . . Robots Melted . | . . . . Combat Hostiles . | . . . . Parts Melted 1 | . . . 1 Heat Transferred 655 | . 296 248 111 Parts Sabotaged . | . . . . Parts Stolen . | . . . . Parts Stripped . | . . . . Power Chain Reactions . | . . . . Alert | -11 -10 -10 -7 ------- Run | Yrd Mat Sub Rec Maximum Alert Level . | . . . . Low Security (%) 100 | 100 100 . 100 Level 1 . | . . . . Level 2 . | . . . . Level 3 . | . . . . Level 4 . | . . . . Level 5 . | . . . . High Security . | . . . . Max Security . | . . . . Peak Influence 65 | . 35 . 65 Initial 55 | . . . 55 Average 8 | . 8 . 55 Influence Increases 360 | . 135 205 20 Destroy 0b10 Robot/C 260 | . 60 180 20 Destroy 0b10 Robot/NC 10 | . 10 . . Destroy Leader 32 | . 22 10 . Successful Hack 6 | . 6 . . Destroy Structure 22 | . 22 . . Lose Combat Pursuer 30 | . 15 15 . Influence Decreases 295 | . 121 104 70 Entered New Map 67 | . . 7 60 Time Decay 198 | . 121 77 . Lost Part 30 | . . 20 10 Squads Dispatched 1 | . 1 . . Investigation . | . . . . Extermination . | . . . . Reinforcement 1 | . 1 . . Assault . | . . . . Garrison . | . . . . Intercept . | . . . . Searches Triggered . | . . . . Construction Impeded . | . . . . Haulers Reinforced . | . . . . Active Scanning Responses . | . . . . Cargo Convoy Interrupts . | . . . . Stealth | -11 -10 -10 -7 --------- Run | Yrd Mat Sub Rec Distress Signals 1 | . 1 . . Communications Jammed . | . . . . Distress Signals . | . . . . Times Spotted 23 | . 10 11 2 Peak Tracking Total 6 | . 3 6 2 Tactical Retreats 2 | . 1 1 . Traps | -11 -10 -10 -7 ------- Run | Yrd Mat Sub Rec Traps Triggered . | . . . . Indirectly . | . . . . Trap Hack Attempts . | . . . . Triggered . | . . . . Disarmed . | . . . . Reprogrammed . | . . . . Reused . | . . . . Traps Extracted . | . . . . Installed . | . . . . Triggered . | . . . . Machines | -11 -10 -10 -7 ---------- Run | Yrd Mat Sub Rec Machines Disabled 4 | . . 4 . Max in Single Turn 2 | . . 2 . Machines Repaired . | . . . . Machines Dismantled . | . . . . Machines Sabotaged . | . . . . Overloaded Fab Kills . | . . . . Hacking | -11 -10 -10 -7 --------- Run | Yrd Mat Sub Rec Machines Accessed 2 | . 2 . . Terminals 2 | . 2 . . Fabricators . | . . . . Repair Stations . | . . . . Recycling Units . | . . . . Scanalyzers . | . . . . Garrison Access . | . . . . Total Hacks 5 | . 5 . . Successful 3 | . 3 . . Failed 2 | . 2 . . Catastrophic . | . . . . Database Lockouts . | . . . . Manual 2 | . 2 . . Terminals 5 | . 5 . . Fabricators . | . . . . Repair Stations . | . . . . Recycling Units . | . . . . Scanalyzers . | . . . . Garrison Access . | . . . . Terminal Hacks 2 | . 2 . . Locate Traps 1 | . 1 . . Patrol Status 1 | . 1 . . Fabricator Hacks . | . . . . Repair Station Hacks . | . . . . Recycling Unit Hacks . | . . . . Scanalyzer . | . . . . Garrison Access Hacks . | . . . . Unauthorized Hacks 1 | . 1 . . Terminals 1 | . 1 . . Botnet 1 | . 1 . . Fabricators . | . . . . Repair Stations . | . . . . Recycling Units . | . . . . Scanalyzers . | . . . . Garrison Access . | . . . . Data Cores Recovered . | . . . . Used . | . . . . Hacking Detections 2 | . 2 . . Full Trace Events . | . . . . Feedback Events . | . . . . Feedback Blocked . | . . . . Robot Schematics Acquired . | . . . . Robots Built . | . . . . Authchips . | . . . . Time . | . . . . Total Robot Build Rating . | . . . . Part Schematics Acquired . | . . . . Parts Built . | . . . . Authchips . | . . . . Time . | . . . . Total Part Build Rating . | . . . . Part Studies Acquired . | . . . . Parts Repaired . | . . . . Time . | . . . . Parts Recycled . | . . . . Recycled Matter . | . . . . Retrieved Matter . | . . . . Retrieved Components . | . . . . Parts Scanalyzed . | . . . . Part Schematics Acquired . | . . . . Parts Damaged . | . . . . Bothacking | -11 -10 -10 -7 ------------ Run | Yrd Mat Sub Rec Used RIF Installer . | . . . . Robots Hacked . | . . . . Non-combat . | . . . . Combat . | . . . . Robot Hacks Applied . | . . . . Relay Couplers Released . | . . . . Fabnet Peak Effective % . | . . . . Robots Rewired . | . . . . Allies Hacked . | . . . . Hacks Repelled . | . . . . Allies | -11 -10 -10 -7 -------- Run | Yrd Mat Sub Rec Total Allies . | . . . . Largest Group . | . . . . Highest-Rated Group . | . . . . Highest-Rated Ally . | . . . . Total Orders . | . . . . Ally Attacks . | . . . . Total Damage . | . . . . Kills . | . . . . Allies Corrupted . | . . . . Allies Melted . | . . . . Intel | -11 -10 -10 -7 ------- Run | Yrd Mat Sub Rec Active Infowar (turns) . | . . . . Robot Analysis Total . | . . . . Derelict Logs Recovered . | . . . . Drone Launches . | . . . . Drone Recoveries . | . . . . Exploration | -11 -10 -10 -7 ------------- Run | Yrd Mat Sub Rec Turns Passed 911 | 67 559 278 7 Spaces Moved 574 | 51 366 156 1 Core 7 | 7 . . . Treads . | . . . . Legs 483 | 44 360 79 . Wheels 84 | . 6 77 1 Hover . | . . . . Flight . | . . . . Fastest Speed 50 | 50 120 110 110 Average Speed 128 | 110 121 152 110 Slowest Speed 260 | 120 260 190 110 Overloaded Moves . | . . . . Propulsion Burnouts . | . . . . Robots Hopped . | . . . . Potential Cave-ins 2 | . . 2 . Cave-ins Triggered . | . . . . Exploration Rate (%) 17 | 5 45 16 3 Regions Visited 3 Branch Regions 2 Pre-discovered Areas . | . . . . Known Exits Taken . | . . . . Unknown Exits Taken 3 | 1 1 1 . Scrap Searched . | . . . . Spaces Dug . | . . . . Terrain Destroyed 108 | . 42 66 . Melee . | . . . . Projectile . | . . . . AOE 108 | . 42 66 . Terrain Rammed . | . . . . Walls Destroyed . | . . . . Machines Disabled . | . . . . Actions | -11 -10 -10 -7 --------- Run | Yrd Mat Sub Rec Total 664 | 58 424 178 4 Wait 18 | . 18 . . Move 571 | 50 365 155 1 Hop . | . . . . Pick Up 8 | 2 3 3 . Fast Attach 11 | 6 4 1 . Attach 1 | . . 1 . Detach . | . . . . Swap 9 | . 4 5 . Drop 4 | . . 4 . Fire 42 | . 30 9 3 Melee . | . . . . Ram . | . . . . Kick . | . . . . Crush . | . . . . Escape Stasis . | . . . . Rewire . | . . . . Trap . | . . . . Miscellaneous . | . . . . Route ------- -11/Scrapyard -10/Materials (discovered 2 exits: [*Mat] / [*Sub]) -10/Subcaves -7/Recycling History --------- Turn | Location | Event 4 | -11/Scrapyard | Discovered new exit (range 15) 68 | -11/Scrapyard | Entered Materials 318 | -10/Materials | Build established: Mutant 504 | -10/Materials | Discovered new exit (range 9) 506 | -10/Materials | Discovered new exit (range 5) 568 | -10/Materials | Derelicts attacked the area 627 | -10/Materials | Lost 4 parts (1n1u2w) 627 | -10/Materials | Entered Subcaves 629 | -10/Subcaves | Shifting Twisted Machinery released Sub. Beam Cannon 641 | -10/Subcaves | Build established: Scavenger-Mutant 779 | -10/Subcaves | Ambushed by Subdweller buried in earth 779 | -10/Subcaves | Discovered new exit (range 14) 781 | -10/Subcaves | Core integrity fell below 50% 894 | -10/Subcaves | A Subdweller sparked back to life 894 | -10/Subcaves | A Subdweller sparked back to life 894 | -10/Subcaves | A Subdweller sparked back to life 898 | -10/Subcaves | Core integrity fell below 20% 905 | -10/Subcaves | Entered Recycling 912 | -7/Recycling | Destroyed by Y-54 Guardian with Gatling Laser Last Messages --------------- 00852_ Subatomizers dissect the Sub. Optics. 00855_ Acquired 20 matter. 00866_ Subatomizers dissect the Sub. Optics. 00869_ Dropped Ion Engine. 00869_ Acquired Sub. Optics. 00873_ Dropped Lgt. Ion Engine. 00873_ Acquired Sub. Power Source. 00880_ Subatomizers dissect the Aluminum Leg. 00880_ Acquired 16 matter. 00894_ GU-KFI(R) creaks and sparks as it begins to move. 00894_ 0Y-UL1(R) creaks and sparks as it begins to move. 00894_ YI-SPB(R) creaks and sparks as it begins to move. 00895_ Sub. Laser destroyed. 00899_ GU-KFI(R) affixes Scrap Shield Fragment to Scrap Shield. LOCATION=UNKNOWN GOAL=ESCAPE 00906_ Y-54 Guardian springs to life. 00906_ Sub. Monowheel destroyed. 00909_ Imp. Heat Sink melted. 00909_ Y-54 Guardian destroyed. Map ----- +----------------------------------------------------+ | | | | | | | | | | | ?????????????????????????????????????????????????? | | ?????????????????????????????????????????????????? | | ?????????????????????????????????????????????????? | | ?????????????????????????????????????????????????? | | ?????????????????????????????????????????????????? | | ?????????????????????????????????????????????????? | | ?????????????????????????????????????????????????? | | ?????????????????????????????????????????????????? | | ?????????????????????????????????????????????????? | | ?????????????????????????????????????????????????? | | ?????????????????????????????????????????????????? | | ?????????????????????????????????????????????????? | | ?????????????????????????????????????????????????? | | ?????????????????????????????????????????????????? | | ????????????????????####?????????????????????????? | | ??????????????????#?#% ?????????????????????????? | | ??????????????????# # %#####????????????????????? | | ??????????????????# ?????????????????????? | | ??????????????????# #?????????????????????? | | ????????????????### #?????????????????????? | | ????????????????#= @ #?????????????????????? | | ???????????????#%![ #?????????????????????? | | ???????????????##! Y #?????????????????????? | | ????????????????# ########?????????????????????? | | ????????????????# ???????????????????????????????? | | ?????????????????????????????????????????????????? | | ?????????????????????????????????????????????????? | | ?????????????????????????????????????????????????? | | ?????????????????????????????????????????????????? | | ?????????????????????????????????????????????????? | | ?????????????????????????????????????????????????? | | ?????????????????????????????????????????????????? | | ?????????????????????????????????????????????????? | | ?????????????????????????????????????????????????? | | ?????????????????????????????????????????????????? | | ?????????????????????????????????????????????????? | | ?????????????????????????????????????????????????? | | ?????????????????????????????????????????????????? | | ?????????????????????????????????????????????????? | | ?????????????????????????????????????????????????? | | ?????????????????????????????????????????????????? | | ?????????????????????????????????????????????????? | | ?????????????????????????????????????????????????? | | ?????????????????????????????????????????????????? | | ?????????????????????????????????????????????????? | +----------------------------------------------------+ Best States ------------- Heat Dissipation 39 Coolant Potential 50 Energy Generation 15 Energy Capacity 250 Matter Stores 240 Matter Capacity 300 Sight Range 16 Terrain Scan Density 10 Evasion (%) 55 Item Schematics ----------------- None Robot Schematics ------------------ None Fabricated ------------ Nothing Repaired ---------- Nothing Studied --------- None Alien Tech Used ----------------- None Achievements -------------- None Challenges ------------ None Game ------ Seed SixLightpackLaser Manual? 0 Play Time 00:07:40 Cumulative 221.8 hours Start 2025.11.01 @ 15:27:06 End 2025.11.01 @ 15:35:34 Sessions 1 Manual Loads 0 Difficulty Rogue Special Mode None Game No. 269 Rogue 95 Adventurer 174 Explorer 0 Win Type - Total 1 Types 1/0/0/0/0/0/0/0/0/0 Lore% 59 Gallery% 59 Achievement% 40 Wizard Run 0 Options --------- Layout 0 ASCII 0 Keyboard 1 Movement Numpad Keybinds 0 Fullscreen 1 Font 18/Terminus Map View 76x50 Zoom Use 0% Tactical HUD 1 Map Filters NONE Filters NONE Steam 1 RUN: fa58a7e2-3818-4754-8ec1-63cc13c685ef